 Dungeon Crawl Stone Soup version 0.26.0-10-g1f06aea511 (console) character file.

Game seed: 6288848655167652671

872 doot the Reanimator (level 7, -1/37 HPs)
             Began as a Deep Elf Necromancer on Feb 4, 2021.
             Shot with an arrow by a centaur (9 damage)
             ... on level 6 of the Dungeon.
             The game lasted 00:07:15 (6134 turns).

doot the Reanimator (Deep Elf Necromancer)          Turns: 6134, Time: 00:07:15

Health: -1/37      AC:  3    Str:  5    XL:     7   Next: 74%
Magic:  20/20      EV: 12    Int: 22    God:
Gold:   241        SH:  0    Dex: 15    Spells: 9/21 levels left

rFire    + . .     SeeInvis .   d - +0 dagger
rCold    . . .     Faith    .   (no shield)
rNeg     . . .     Spirit   .   t - +0 leather armour
rPois    .         Reflect  .   (no helmet)
rElec    .         Harm     .   (no cloak)
rCorr    .         Rampage  .   (no gloves)
Will     .....                  (no boots)
Stlth    ++........             u - amulet of magic regeneration
HPRegen  0.12/turn              m - ring of protection from fire
MPRegen  0.42/turn              (no ring)

@: no status effects
A: no striking features
a: no special abilities


You were on level 6 of the Dungeon.
You visited 1 branch of the dungeon, and saw 6 of its levels.

You collected 241 gold pieces.

Inventory:

Hand Weapons
 d - a +0 dagger (weapon)
Armour
 a - a +0 robe
 t - a +0 leather armour (worn)
Jewellery
 m - a ring of protection from fire (left hand)
 s - an uncursed amulet of the acrobat {unknown}
 u - an amulet of magic regeneration (around neck)
Wands
 q - a wand of iceblast (8)
Scrolls
 b - 2 scrolls of fear {unknown}
 c - a scroll of amnesia {unknown}
 e - 2 scrolls of teleportation {unknown}
 g - 8 scrolls of identify {unknown}
 n - a scroll of fog {unknown}
 o - a scroll of random uselessness {unknown}
 p - a scroll of blinking {unknown}
 r - a scroll of magic mapping {unknown}
Potions
 f - 2 potions of might {unknown}
 h - 2 potions of curing {unknown}
 i - 2 potions of heal wounds {unknown}
 j - 3 potions of attraction {unknown}
 k - 2 potions of haste {unknown}
 l - a potion of mutation {unknown}


   Skills:
 + Level 0.8 Fighting
 + Level 1.9 Short Blades
 + Level 0.7 Armour
 + Level 3.4 Dodging
 + Level 3.1 Stealth
 + Level 7.7 Spellcasting
 + Level 8.3 Necromancy


You had 9 spell levels left.
You knew the following spells:

 Your Spells              Type           Power        Failure   Level
a - Pain                  Necr           100%         1%          1
b - Animate Skeleton      Necr           90%          1%          1
c - Vampiric Draining     Necr           22%          1%          3
d - Animate Dead          Necr           22%          4%          4
e - Conjure Flame         Conj/Fire      8%           36%         3

Your spell library contained the following spells:

 Spells                   Type           Power        Failure   Level
 Agony                    Necr           45%          11%         5
 Freeze                   Ice            32%          12%         1
 Magic Dart               Conj           32%          12%         1
 Blink                    Tloc           N/A          19%         2
 Call Imp                 Summ           8%           19%         2
 Slow                     Hex            8%           19%         2
 Frozen Ramparts          Ice            16%          36%         3
 Mephitic Cloud           Conj/Pois/Air  8%           36%         3
 Ozocubu's Armour         Ice            8%           36%         3
 Hailstorm                Conj/Ice       8%           77%         4
 Summon Ice Beast         Ice/Summ       8%           77%         4


Dungeon Overview and Level Annotations

Branches:
Dungeon (6/15)
 Temple: D:4-7

Altars:
Fedhas
Okawaru

Annotations:
D:3 Grinder


Message History

You see here an arrow.
Unknown command.
Unknown command.
Casting: Vampiric Draining (safe; 1% risk of failure)
Confirm with . or Enter, or press ? or * to list all spells.
The spell is quite dangerous to cast (4% risk of failure)!
Continue anyway?
You call on the dead to rise...
The dead are hopping!
What are your orders? t - Shout!
Orders for allies: a - Attack new target. r - Retreat! s - Stop attacking. g - Guard the area. f - Follow me.
Anything else - Cancel.
Guard this area!
The centaur shoots an arrow.
The arrow closely misses you.
The centaur shoots an arrow.
The arrow hits your bullfrog zombie.
The centaur shoots an arrow.
The arrow hits your bullfrog zombie!
The centaur shoots an arrow.
The arrow hits you!
* * * LOW HITPOINT WARNING * * *
You see here an arrow.
The centaur shoots an arrow.
The arrow hits you!
You die...

#. ... #.. #.# ####
...######.##...#
..#..c.......#.# #
...........# #.# #.#.
#..Z.$...###.###....
#........##.@#....#
#....:...##.#.....#
#.....(..##^..#[#.#
#......(..c..#..#.#
#######.(#......#.#
#.......#.#.#
###......#.#.#
#......).....####
#.........##......#
.....##....####...#####
###.. #..#.# #.#.....#


You could see a centaur.

Vanquished Creatures
  An ice beast (D:6)
  An orc warrior (D:5)
  An ogre (D:4)
  2 bullfrogs
  2 howler monkeys (D:4)
  A bullfrog zombie (D:5)
  A jelly (D:5)
  A hound (D:4)
  3 orc priests (D:6)
  2 orc wizards (D:6)
  2 worker ants
  A worker ant zombie (D:6)
  2 adders
  A white imp (D:5)
  2 dart slugs
  A leopard gecko (D:1)
  5 orcs
  4 bats
  6 giant cockroaches
  4 goblins
  8 hobgoblins
  6 jackals
  A quokka (D:2)
  A ball python (D:3)
  A frilled lizard (D:2)
  2 leopard gecko skeletons (D:4)
  2 rats (D:3)
64 creatures vanquished.

Vanquished Creatures (collateral kills)
  A worker ant (D:4)
  A goblin (D:2)
2 creatures vanquished.

Grand Total: 66 creatures vanquished

Notes
Turn   | Place    | Note
-------+----------+-------------------------------------------
     0 | D:1      | doot the Deep Elf Necromancer began the quest for the Orb.
     0 | D:1      | Reached XP level 1. HP: 10/10 MP: 6/6
    26 | D:1      | Reached skill level 5 in Necromancy
   301 | D:1      | Reached XP level 2. HP: 12/15 MP: 5/8
   315 | D:1      | Learned a level 1 spell: Animate Skeleton
  1022 | D:2      | Found an iron altar of Okawaru.
  1027 | D:2      | Reached XP level 3. HP: 16/19 MP: 7/10
  1262 | D:3      | Noticed Grinder
  1281 | D:3      | Learned a level 3 spell: Vampiric Draining
  1329 | D:3      | Paralysed by Grinder for 5 turns
  1891 | D:4      | Reached XP level 4. HP: 12/24 MP: 6/12
  2043 | D:4      | Learned a level 4 spell: Animate Dead
  2207 | D:4      | Reached skill level 5 in Spellcasting
  2207 | D:4      | Reached skill level 6 in Necromancy
  2231 | D:4      | Reached XP level 5. HP: 20/28 MP: 6/15
  2297 | D:4      | HP: 1/28 [worker ant (8)]
  2672 | D:4      | Noticed an ogre
  2683 | D:4      | Killed an ogre
  2684 | D:4      | Reached skill level 7 in Necromancy
  2684 | D:4      | Reached XP level 6. HP: 32/32 MP: 5/17
  3140 | D:5      | Entered Level 5 of the Dungeon
  4436 | D:5      | Found a blossoming altar of Fedhas.
  4468 | D:6      | Noticed an orc warrior
  4475 | D:5      | Killed an orc warrior
  4476 | D:5      | Reached skill level 1 in Short Blades
  4696 | D:5      | Reached XP level 7. HP: 27/37 MP: 2/19
  5639 | D:6      | Reached skill level 8 in Necromancy
  5872 | D:6      | Learned a level 3 spell: Conjure Flame
  6134 | D:6      | Shot with an arrow by a centaur

Illustrated notes

Levels and vault maps discovered:
D:1:      lightli_arrival_quake, layout_basic, minmay_strange_pillars
D:2:      minmay_diamond_boxcup, layout_basic,
          yredelemnul_forgotten_temple_becter, kennysheep_okawaru_gauntlet,
          minmay_fountain_box, kennysheep_generic_room_4
D:3:      minmay_recursive_quarters, layout_basic, lemuel_crystal_altar,
          eat_drink_and_be_merry_uskayaw, uniq_grinder, uniq_ijyb
D:4:      layout_basic, chequers_garden, minmay_quantized
D:5:      layout_cave_pools, fedhas_altar_fruit_tree
D:6:      layout_rooms, nicolae_ru_great_annihilating_truth

Skill      XL: |  1  2  3  4  5  6  7 |
---------------+----------------------+-----
Necromancy     | 5 6 7 8 |  8.3
Spellcasting   | 4 5 6 7 |  7.7
Short Blades   | 1 |  1.9
Dodging        | 3 |  3.4
Stealth        | 3 |  3.1
Fighting       | |  0.8
Armour         | |  0.7

Action                   |  1- 3 |  4- 6 |  7- 9 || total
-------------------------+-------+-------+-------++-------
Melee: Dagger            |       |    57 |    16 ||    73
 Cast: Pain              |    57 |    34 |    31 ||   122
       Animate Skeleton  |     8 |       |     1 ||     9
       Vampiric Draining |       |    10 |     5 ||    15
       Animate Dead      |       |     1 |     3 ||     4
 Stab: Distracted        |       |       |     1 ||     1
Armor: Robe              |       |     6 |       ||     6
       Leather armour    |       |       |     3 ||     3
Dodge: Dodged            |     4 |    67 |    19 ||    90
